 Dungeon Crawl Stone Soup version 0.26-a0-393-g67388ea477 (webtiles) character file.

Game seed: 8982940021601084993

43 ANON1729 the Conjurer (level 3, -5/26 HPs)
             Began as a Draconian Conjurer on July 22, 2020.
             Slain by an orc
             ... wielding a +0 flail
              (10 damage)
             ... on level 2 of the Dungeon.
             The game lasted 00:01:42 (1113 turns).

ANON1729 the Conjurer (Draconian Conjurer)          Turns: 1113, Time: 00:01:43

Health: -5/26      AC:  5    Str:  9    XL:     3   Next: 37%
Magic:  2/6        EV: 12    Int: 19    God:
Gold:   44         SH:  0    Dex:  9    Spells: 6/7 levels left

rFire    . . .     SeeInvis .   a - +0 whip
rCold    . . .     Faith    .   (no shield)
rNeg     . . .     Spirit   .   (armour unavailable)
rPois    .         Reflect  .   (helmet restricted)
rElec    .         Harm     .   (no cloak)
rCorr    .                      (no gloves)
MR       .....                  (no boots)
Stlth    ++........             (no amulet)
HPRegen  0.08/turn              (no ring)
MPRegen  0.10/turn              (no ring)

@: no status effects
A: unfitting armour, cold-blooded, AC +5
a: no special abilities


You were on level 2 of the Dungeon.
You visited 1 branch of the dungeon, and saw 2 of its levels.

You collected 44 gold pieces.

Inventory:

Hand Weapons
 a - a +0 whip (weapon)
Scrolls
 b - a scroll of enchant weapon {unknown}
 c - a scroll of amnesia {unknown}
 d - a scroll of blinking {unknown}
Potions
 e - a potion of stabbing {unknown}


   Skills:
 + Level 2.1 Dodging
 + Level 2.2 Stealth
 * Level 2.5 Spellcasting
 * Level 4.4 Conjurations


You had 6 spell levels left.
You knew the following spells:

 Your Spells              Type           Power        Failure   Level
a - Magic Dart            Conj           ###.         2%          1

Your spell library contained the following spells:

 Spells                   Type           Power        Failure   Level
 Searing Ray              Conj           ###...       3%          2
 Dazzling Flash           Conj/Hex       ##....       19%         3
 Fulminant Prism          Conj/Hex       ##........   54%         4
 Iskenderun's Mystic Bla  Conj/Tloc      ##......     54%         4


Dungeon Overview and Level Annotations

Branches:
Dungeon (1/15)

Altars:


Innate Abilities, Weirdness & Mutations

Your plain brown scales are hard. (AC +5)
You cannot fit into any form of body armour.
You are cold-blooded and may be slowed by cold attacks.


Message History

Aim: an orc, wielding a +0 flail and wearing a +0 scale mail (moderately wounded)
The magic dart hits the orc.
The orc is heavily wounded.
Casting: Magic Dart (safe; 2% risk of failure)
Confirm with . or Enter, or press ? or * to list all spells.
Aiming: Magic Dart (safe; 2% risk of failure)
Press: ? - help, Shift-Dir - straight line, f/p - orc
Aim: an orc, wielding a +0 flail and wearing a +0 scale mail (heavily wounded)
The magic dart hits the orc but does no damage.
The orc is heavily wounded.
The orc barely misses you.
Casting: Magic Dart (safe; 2% risk of failure)
Confirm with . or Enter, or press ? or * to list all spells.
Aiming: Magic Dart (safe; 2% risk of failure)
Press: ? - help, Shift-Dir - straight line, f/p - orc
Aim: an orc, wielding a +0 flail and wearing a +0 scale mail (heavily wounded)
The magic dart hits the orc.
The orc is almost dead.
The orc hits you with a +0 flail!
You die...

#.#####.# ######
......... ##....##
###......... #.8..8.#
##.##........ #......#
#...##....... #)...#
##.## #......
###.##.######'#####.....
##.##''##.#8#.8.#8##.....
+.#....o@#...#.#...'.....
##.##''##.#8#.8.#8##.....
###.##)############.####
##....## ##.....#
#......# ##......#
#.8..8.# ##........
##....## ##.........
###### #..........
#######....


You could see an orc.

Vanquished Creatures
  3 oozes
  2 dart slugs (D:1)
  3 orcs (D:2)
  A bat (D:1)
  3 giant cockroaches
  3 goblins
  3 hobgoblins
  A kobold (D:1)
  3 rats
22 creatures vanquished.

Notes
Turn   | Place    | Note
-------+----------+-------------------------------------------
     0 | D:1      | ANON1729 the Draconian Conjurer began the quest for the
                  | Orb.
     0 | D:1      | Reached XP level 1. HP: 14/14 MP: 3/3
   298 | D:1      | Reached XP level 2. HP: 14/20 MP: 5/5
   799 | D:1      | You fall into a shaft and drop 1 floor!
   820 | D:2      | Reached XP level 3. HP: 25/26 MP: 6/6
  1113 | D:2      | Slain by an orc

Illustrated notes

Levels and vault maps discovered:
D:1:      tarquinn_simple_flora_water_a, layout_basic,
          nemelex_xobeh_ov_fountains_minmay
D:2:      layout_basic, minitemple, wad_orctagon, uniq_natasha, uniq_terence

Skill      XL: |  1  2 |
---------------+-------+-----
Stealth        | 2 |  2.2
Dodging        | 2 |  2.1
Spellcasting   | |  2.5
Conjurations   | |  4.4

Action                   || total
-------------------------++-------
Melee: Unarmed           ||    26
       Whip              ||    86
       Tailslap          ||     9
 Cast: Magic Dart        ||     6
 Stab: Sleeping          ||     1
Armor: Skin              ||    31
Dodge: Dodged            ||    81

Table legend: (Time is in decaauts)
 A = Elapsed time spent in this place.
 B = Non-inter-level travel time spent in this place.
 C = Inter-level travel time spent in this place.
 D = Time resting spent in this place.
 E = Time spent auto-exploring this place.
 F = Levels seen in this place.
 G = Mean time per level.
                   A        B        C        D        E       F      G
               +--------+--------+--------+--------+--------+-----+--------+
         Total |   1120 |   1120 |      0 |    676 |    233 |   2 |  560.0 |
       Dungeon |   1120 |   1120 |      0 |    676 |    233 |   2 |  560.0 |
               +--------+--------+--------+--------+--------+-----+--------+

Top non-repeatable levels by time:
     D:1: 802 daAuts
     D:2: 318 daAuts
